 Dungeon Crawl Stone Soup version 0.26-a0-58-g79b31b8 (webtiles) character file.

Game seed: 3541487172525704270

102 thirtiethelement the Shield-Bearer (level 4, -1/41 HPs)
             Began as a Gnoll Fighter on June 8, 2020.
             Slain by a hobgoblin
             ... wielding a +0 club
             ... led by Robin
              (8 damage)
             ... on level 2 of the Dungeon.
             The game lasted 00:02:02 (1058 turns).

thirtiethelement the Shield-Bearer (Gnoll Fighter)  Turns: 1058, Time: 00:02:03

Health: -1/41      AC:  9    Str: 19    XL:     4   Next: 78%
Magic:  5/5        EV:  8    Int: 11    God:
Gold:   66         SH: 10    Dex: 14    Spells: 5/5 levels left

rFire    . . .     SeeInvis .   a - +0 war axe
rCold    . . .     Gourm    .   c - +0 kite shield
rNeg     . . .     Faith    .   b - +0 scale mail
rPois    .         Spirit   .   (no helmet)
rElec    .         Reflect  .   i - +0 cloak
rCorr    .         Harm     .   (no gloves)
MR       .....                  (no boots)
Stlth    ..........             (no amulet)
HPRegen  0.13/turn              (no ring)
MPRegen  0.09/turn              (no ring)

@: lethally poisoned (-1 -> -4)
A: distributed training, fangs 1, strong nose
a: no special abilities


You were on level 2 of the Dungeon.
You were hungry.

You visited 1 branch of the dungeon, and saw 2 of its levels.

You collected 66 gold pieces.

Inventory:

Hand Weapons
 a - a +0 war axe (weapon)
Armour
 b - a +0 scale mail (worn)
 c - a +0 kite shield (worn)
 i - a +0 cloak (worn)
Scrolls
 k - a scroll of teleportation {unknown}
 m - a scroll of enchant armour {unknown}
Potions
 d - a potion of might
 e - a potion of curing {unknown}
 h - a potion of mutation {unknown}
 j - 3 potions of heal wounds
 l - a potion of lignification {unknown}
 n - a potion of flight {unknown}
Comestibles
 f - 5 rations
 g - 4 chunks of flesh


   Skills:
 + Level 6.6 Fighting
 + Level 1.2 Short Blades
 + Level 1.2 Long Blades
 + Level 4.7 Axes
 + Level 1.2 Maces & Flails
 + Level 1.2 Polearms
 + Level 1.2 Staves
 + Level 1.2 Slings
 + Level 1.2 Bows
 + Level 1.2 Crossbows
 + Level 1.2 Throwing
 + Level 6.6 Armour
 + Level 1.2 Dodging
 + Level 1.2 Stealth
 + Level 6.6 Shields
 + Level 1.2 Unarmed Combat
 + Level 1.2 Spellcasting
 + Level 1.0 Conjurations
 + Level 1.0 Hexes
 + Level 1.0 Charms
 + Level 1.0 Summonings
 + Level 1.0 Necromancy
 + Level 1.0 Translocations
 + Level 1.0 Transmutations
 + Level 1.0 Fire Magic
 + Level 1.0 Ice Magic
 + Level 1.0 Air Magic
 + Level 1.0 Earth Magic
 + Level 1.0 Poison Magic
 + Level 1.3 Invocations
 + Level 1.2 Evocations


You had 5 spell levels left.
You didn't know any spells.
Your spell library was empty.

Dungeon Overview and Level Annotations

Branches:
Dungeon (2/15)

Altars:

Annotations:
D:2 Robin


Innate Abilities, Weirdness & Mutations

Your experience applies equally to all skills.
You have very sharp teeth.
Your uncanny sense of smell can sniff out nearby items.


Message History

* * * LOW HITPOINT WARNING * * *
The goblin hits you but does no damage.
The goblin shouts!
You slash the goblin!
You kill the goblin!
You hit the goblin. You hit the goblin but do no damage. You slash the goblin!
You kill the goblin!
You closely miss the goblin.
You feel sick. You block the goblin's attack. x2
Robin throws the goblin at you! The goblin closely misses you.
You block the goblin's attack.
You slash the goblin!
You kill the goblin!
You miss the goblin. You slash the goblin!
You kill the goblin!
You feel sick. You block the goblin's attack.
You hit Robin but do no damage. You bite Robin.
Robin is lightly wounded.
You hit the hobgoblin. You closely miss the goblin.
You feel sick. Robin hits you but does no damage.
The hobgoblin hits you with a +0 club!
You die...

. ...... ###.#....#
....#....### ...
...........#####....
...g.................
......g..............
......g))............
......g@g............
###...)...)..........
#.#..#...))........ #
#..#...†.).......
#..#.............
#......$.........
∆##.#....######.##
...###+#........ ##
#.#.#####.#


You could see Robin, a hobgoblin (strong) and 3 goblins.

Vanquished Creatures
  4 gnolls (D:2)
  An adder (D:2)
  An ooze (D:1)
  4 dart slugs
  A bat (D:1)
  2 giant cockroaches (D:1)
  11 goblins
  3 hobgoblins
  2 jackals (D:1)
  3 kobolds
  2 ball pythons
  2 frilled lizards (D:1)
  7 rats (D:1)
43 creatures vanquished.

Notes
Turn   | Place    | Note
-------+----------+-------------------------------------------
     0 | D:1      | thirtiethelement the Gnoll Fighter began the quest for the
                  | Orb.
     0 | D:1      | Reached XP level 1. HP: 23/23 MP: 1/1
   274 | D:1      | Reached XP level 2. HP: 28/29 MP: 2/2
   644 | D:1      | Reached XP level 3. HP: 35/35 MP: 3/3
  1015 | D:2      | Reached skill level 1 in Invocations
  1040 | D:2      | Reached skill level 1 in Short Blades
  1040 | D:2      | Reached skill level 1 in Long Blades
  1040 | D:2      | Reached skill level 1 in Maces & Flails
  1040 | D:2      | Reached skill level 1 in Polearms
  1040 | D:2      | Reached skill level 1 in Staves
  1040 | D:2      | Reached skill level 1 in Slings
  1040 | D:2      | Reached skill level 1 in Bows
  1040 | D:2      | Reached skill level 1 in Crossbows
  1040 | D:2      | Reached skill level 1 in Throwing
  1040 | D:2      | Reached skill level 1 in Dodging
  1040 | D:2      | Reached skill level 1 in Stealth
  1040 | D:2      | Reached skill level 1 in Unarmed Combat
  1040 | D:2      | Reached skill level 1 in Spellcasting
  1040 | D:2      | Reached skill level 1 in Evocations
  1040 | D:2      | Reached XP level 4. HP: 32/41 MP: 5/5
  1049 | D:2      | Noticed Robin
  1053 | D:2      | Reached skill level 1 in Conjurations
  1053 | D:2      | Reached skill level 1 in Hexes
  1053 | D:2      | Reached skill level 1 in Charms
  1053 | D:2      | Reached skill level 1 in Summonings
  1053 | D:2      | Reached skill level 1 in Necromancy
  1053 | D:2      | Reached skill level 1 in Translocations
  1053 | D:2      | Reached skill level 1 in Transmutations
  1053 | D:2      | Reached skill level 1 in Fire Magic
  1053 | D:2      | Reached skill level 1 in Ice Magic
  1053 | D:2      | Reached skill level 1 in Air Magic
  1053 | D:2      | Reached skill level 1 in Earth Magic
  1053 | D:2      | Reached skill level 1 in Poison Magic
  1058 | D:2      | Slain by a hobgoblin

Illustrated notes

Levels and vault maps discovered:
D:1:      matt_arrival_grand_opening, layout_loops_corners
D:2:      layout_basic, grunt_temple_overflow_holy_war, old_standard_altar,
          first_ration, uniq_robin, uniq_natasha

Skill      XL: |  1  2  3  4 |
---------------+-------------+-----
Invocations    | 1 |  1.3
Short Blades   | 1 |  1.2
Long Blades    | 1 |  1.2
Maces & Flails | 1 |  1.2
Polearms       | 1 |  1.2
Staves         | 1 |  1.2
Slings         | 1 |  1.2
Bows           | 1 |  1.2
Crossbows      | 1 |  1.2
Throwing       | 1 |  1.2
Dodging        | 1 |  1.2
Stealth        | 1 |  1.2
Unarmed Combat | 1 |  1.2
Spellcasting   | 1 |  1.2
Evocations     | 1 |  1.2
Conjurations   | 1 |  1.0
Hexes          | 1 |  1.0
Charms         | 1 |  1.0
Summonings     | 1 |  1.0
Necromancy     | 1 |  1.0
Translocations | 1 |  1.0
Transmutations | 1 |  1.0
Fire Magic     | 1 |  1.0
Ice Magic      | 1 |  1.0
Air Magic      | 1 |  1.0
Earth Magic    | 1 |  1.0
Poison Magic   | 1 |  1.0
Fighting       | |  6.6
Axes           | |  4.7
Armour         | |  6.6
Shields        | |  6.6

Action                   |  1- 3 |  4- 6 || total
-------------------------+-------+-------++-------
Melee: War axe           |    73 |    13 ||    86
       Bite              |     8 |     4 ||    12
  Use: Scroll            |     2 |       ||     2
Armor: Scale mail        |    33 |    15 ||    48
Dodge: Dodged            |    25 |     8 ||    33
Block: Kite shield       |    37 |    15 ||    52

Table legend:
 A = Non-vault XP
 B = Vault XP
 C = Vault XP percentage of total XP
 D = Non-vault monster count
 E = Vault monster count
 F = Vault count percentage of total count
                 A         B        C        D         E       F
            +---------+---------+-------+---------+---------+-------
      Total |     131 |      16 |  10.9 |      35 |       8 |  18.6
            +---------+---------+-------+---------+---------+-------
        D:1 |      49 |       0 |   0.0 |      25 |       0 |   0.0
        D:2 |      82 |      16 |  16.3 |      10 |       8 |  44.4
            +---------+---------+-------+---------+---------+-------
